 Dungeon Crawl Stone Soup version 0.32-a0-519-g08f29ac1c3 (webtiles) character file.

Game seed: 13144424243542658228

3607 SergeantStubby the Carver (level 10, -3/77 HPs)
             Began as a Coglin Warper on Feb 27, 2024.
             Succumbed to an orc's poison
             ... on level 8 of the Dungeon.
             The game lasted 00:07:06 (6655 turns).

SergeantStubby the Carver (Coglin Warper)           Turns: 6655, Time: 00:07:06

Health: -3/77      AC: 12    Str: 12    XL:     10   Next: 11%
Magic:  12/12      EV: 13    Int: 12    God:
Gold:   751        SH:  0    Dex: 18    Spells: 12/12 levels left

rFire   . . .        a - +0 falchion {Namzu}
rCold   . . .        D - +2 long sword (vamp) {Mishil}
rNeg    . . .        g - +0 ring mail
rPois   .            j - +1 hat {SInv}
rElec   .            m - +0 cloak
rCorr   .            I - +1 pair of gloves
SInv    +            e - +0 pair of boots
Will    .....        (no amulet)
Stlth   +            (ring unavailable)
HPRegen 0.32/turn    (ring unavailable)
MPRegen 0.13/turn

%: no passive effects
@: lethally poisoned (-3 -> -28), hasted, revved, very quick
A: off-hand wielding, slow wielding, warmup strikes, no rings
a: no special abilities


You were on level 8 of the Dungeon.
You visited 2 branches of the dungeon, and saw 11 of its levels.
You also visited: Sewer.

You collected 751 gold pieces.

Inventory:

Hand Weapons
 a - a +0 falchion (weapon) {Namzu}
 h - a +0 short sword {Sanghe}
 D - a +2 vampiric long sword (offhand) {Mishil}
Missiles
 d - 7 darts of dispersal (quivered)
 C - 22 poisoned darts
Armour
 b - a +0 leather armour
 e - a +0 pair of boots (worn)
 g - a +0 ring mail (worn)
 j - a +1 hat of see invisible (worn)
 m - a +0 cloak (worn)
 r - a scarf of resistance
 y - a +0 pair of gloves
 z - the +3 chain mail of Fedhas's Wrath {rC- rCorr Slay+5 SInv}
   (You found it on level 4 of the Dungeon)

   Slay+5:    It affects your accuracy & damage with ranged weapons and melee
   (+5).
   rC-:       It makes you vulnerable to cold.
   SInv:      It lets you see invisible.
   rCorr:     It protects you from acid and corrosion.
 I - a +1 pair of gloves (worn)
Wands
 i - a wand of iceblast (6)
 u - a wand of mindburst (15)
 v - a wand of polymorph (9)
 J - a wand of paralysis (9)
Scrolls
 c - a scroll of poison {unknown}
 f - 9 scrolls of identify {unknown}
 n - 2 scrolls of teleportation {unknown}
 o - a scroll of revelation {unknown}
 p - a scroll of noise {unknown}
 q - a scroll of fear {unknown}
 w - 3 scrolls of enchant armour {unknown}
 H - a scroll of amnesia {unknown}
 K - a scroll of enchant weapon {unknown}
 M - a scroll of brand weapon {unknown}
Potions
 k - a potion of curing {unknown}
 l - a potion of attraction {unknown}
 s - a potion of enlightenment {unknown}
 t - a potion of might {unknown}
 x - a potion of haste {@q5}
 A - a potion of degeneration {unknown}
 B - 2 potions of magic {unknown}
 E - 2 potions of heal wounds {unknown}
 F - a potion of resistance {unknown}
 G - a potion of brilliance {unknown}
 L - a potion of berserk rage {unknown}


   Skills:
 + Level 6.6 Fighting
 * Level 9.2 Long Blades
 - Level 0.8 Throwing
 + Level 5.8 Armour
 + Level 6.0 Dodging
 - Level 1.7 Spellcasting
 - Level 3.0 Translocations


You had 12 spell levels left.
You didn't know any spells.
Your spell library contained the following spells:

 Spells                   Type           Power      Damage    Failure   Level
 Blink                    Tloc           16%        N/A       26%         2
 Lesser Beckoning         Tloc           16%        N/A       26%         2
 Teleport Other           Tloc           8%         N/A       45%         3
 Foxfire                  Conj/Fire      4%         2x1d4     50%         1
 Sandblast                Erth           2%         2d4       50%         1
 Slow                     Hex            4%         N/A       50%         1
 Confusing Touch          Hex            1%         N/A       86%         3
 Passwall                 Erth           1%         N/A       86%         3
 Sigil of Binding         Hex            1%         N/A       86%         3
 Stone Arrow              Conj/Erth      2%         3d7       86%         3
 Vampiric Draining        Necr           1%         2d6       86%         3
 Manifold Assault         Tloc           8%         N/A       86%         4
 Vhi's Electric Charge    Tloc/Air       8%         N/A       97%         4
 Brom's Barrelling Bould  Conj/Erth      1%         2d3       99%         4
 Fireball                 Conj/Fire      0%         3d3       100%        5
 Iskenderun's Battlesphe  Conj           1%         2d6       100%        5
 Bombard                  Conj/Erth      0%         9d1       100%        6
 Conjure Ball Lightning   Conj/Air       0%         3x3d6     100%        6
 Plasma Beam              Fire/Air       0%         2x1d10    100%        6
 Starburst                Conj/Fire      0%         6d3       100%        6
 Orb of Destruction       Conj           0%         9d5       100%        7
 Spellforged Servitor     Conj/Summ      0%         N/A       100%        7


Dungeon Overview and Level Annotations

Branches:
Dungeon (10/15)            Temple (1/1) D:6           Sewer (visited)
   Lair: D:8-11         Orc: D:9-12

Altars:
Ashenzari
Cheibriados
Dithmenos
Kikubaaqudgha
Makhleb
Nemelex Xobeh
Qazlal
Ru
Trog
Uskayaw
Vehumet
Xom
Yredelemnul
Zin
The Shining One

Shops:
D:2 :   D:4 (   D:10 [


Innate Abilities, Weirdness & Mutations

You can wield a second weapon in your off-hand.
It takes a long time for you to wield or remove held weapons.
Your first few attacks do less damage.
Your grasper-arms cannot wear rings.


Message History

The centaur kicks you but does no damage.
The orc misses you.
You barely miss the centaur with your +0 falchion.
The centaur is heavily wounded.
You slash the centaur with your +2 vampiric long sword!
You feel better.
You kill the centaur!
You feel sick. The killer bee stings you.
You are more poisoned.
The killer bee poisons you!
The killer bee stings you but does no damage.
The orc misses you.
You hit the killer bee with your +2 vampiric long sword.
You feel better.
The killer bee is moderately wounded.
You miss the killer bee with your +0 falchion.
You feel sick. The killer bee barely misses you. The killer bee misses you.
You miss the killer bee with your +0 falchion.
The killer bee is moderately wounded.
You slash the killer bee with your +2 vampiric long sword!
You feel sick.
The orc hits you from afar with a +2 trident of venom.
* * * LOW HITPOINT WARNING * * *
The killer bee stings you but does no damage.
You barely miss the killer bee with your +0 falchion.
The killer bee is almost dead.
You hit the killer bee with your +2 vampiric long sword.
You kill the killer bee!
You feel sick.
The orc hits you from afar with a +2 trident of venom.
* * * LOW HITPOINT WARNING * * *
You are lethally poisoned!
* * * LOW HITPOINT WARNING * * *
You feel very sick.
The orc hits you with a +2 trident of venom!
* * * LOW HITPOINT WARNING * * *
You are more poisoned.
You see here a killer bee corpse.
It was a potion of haste.
You feel yourself speed up.
You die...

## #.
####^###
##......#
......)#@#
.......#o#
.........#
..#.#..#.#
....#..#†#
..# #>....
.. #..#.##
#$.#.# ..
#.#


You could see an orc.

Vanquished Creatures
  A two-headed ogre (D:6)
  Pikel (D:5)
  Sigmund (D:4)
  Menkaure (D:5)
  An acid dragon (D:9)
  An ice beast (D:6)
  A sky beast (D:6)
  3 lemures (D:5)
  A centaur (D:8)
  5 phantoms
  2 kobold brigands (Sewer)
  A gnoll sergeant (D:5)
  Blork the orc (D:5)
  A bullfrog (D:9)
  2 scorpions (D:5)
  5 killer bees (D:8)
  2 howler monkeys
  2 quasits (D:6)
  A jelly (D:5)
  3 hounds
  Ijyb (D:4)
  Terence (D:2)
  5 iguanas
  2 orc wizards
  A sleepcap (D:5)
  12 adders
  5 river rats (Sewer)
  4 shadow imps (D:6)
  2 white imps
  An ufetubus (D:6)
  3 ribbon worms
  A dart slug (D:3)
  25 orcs
  11 endoplasms
  3 giant cockroaches
  12 goblins
  7 hobgoblins
  A jackal (D:5)
  A quokka (D:1)
  11 ball pythons
  4 bats
  3 frilled lizards
  16 kobolds
  24 rats
192 creatures vanquished.

Notes
Turn   | Place    | Note
-------+----------+-------------------------------------------
     0 | D:1      | SergeantStubby the Coglin Warper began the quest for the
                  | Orb.
     0 | D:1      | Reached XP level 1. HP: 16/16 MP: 3/3
   125 | D:1      | Reached skill level 1 in Armour
   180 | D:1      | Reached XP level 2. HP: 19/22 MP: 4/4
  1027 | D:2      | Reached XP level 3. HP: 27/27 MP: 5/5
  1144 | D:2      | Noticed Terence
  1154 | D:2      | Killed Terence
  1155 | D:2      | Reached skill level 3 in Long Blades
  1203 | D:2      | Reached XP level 4. HP: 34/34 MP: 6/6
  1345 | D:2      | Found Ceudam's Book Shoppe.
  1708 | D:3      | Found a glowing golden altar of the Shining One.
  2029 | D:3      | Found an ancient bone altar of Kikubaaqudgha.
  2036 | D:3      | Reached XP level 5. HP: 39/40 MP: 7/7
  2217 | D:3      | Found a faded altar of an unknown god.
  2794 | D:4      | Noticed Ijyb
  2811 | D:4      | Killed Ijyb
  2914 | D:4      | Noticed Sigmund
  2926 | D:4      | Killed Sigmund
  2927 | D:4      | Reached skill level 4 in Long Blades
  2927 | D:4      | Reached XP level 6. HP: 41/47 MP: 8/8
  3021 | D:4      | Identified the +3 chain mail of Fedhas's Wrath {rC- rCorr
                  | Slay+5 SInv}
  3213 | D:4      | Found Coeshil's Weapon Shop.
  3221 | D:4      | Found a glowing drain.
  3264 | Sewer    | Entered a sewer
  3446 | Sewer    | Reached XP level 7. HP: 33/52 MP: 9/9
  3849 | Sewer    | Reached skill level 5 in Long Blades
  4557 | D:4      | Identified the +3 sling of Balance {freeze, Fly Will+ Dex+3
                  | Stlth+}
  4631 | D:5      | Entered Level 5 of the Dungeon
  4676 | D:5      | Noticed Pikel
  4764 | D:5      | Killed Pikel
  4765 | D:5      | Reached skill level 6 in Long Blades
  4765 | D:5      | Reached XP level 8. HP: 28/61 MP: 10/10
  5034 | D:5      | Reached skill level 5 in Fighting
  5053 | D:5      | Reached skill level 7 in Long Blades
  5280 | D:5      | Reached XP level 9. HP: 66/68 MP: 11/11
  5415 | D:5      | Found a sacrificial altar of Ru.
  5418 | D:5      | Noticed Menkaure
  5425 | D:5      | Reached skill level 5 in Dodging
  5425 | D:5      | Noticed Blork the orc
  5427 | D:5      | Killed Menkaure
  5438 | D:5      | Killed Blork the orc
  5827 | D:6      | Noticed a two-headed ogre
  5838 | D:6      | Killed a two-headed ogre
  5839 | D:6      | Reached skill level 8 in Long Blades
  5839 | D:6      | Reached skill level 5 in Armour
  6087 | D:6      | Found a staircase to the Ecumenical Temple.
  6095 | Temple   | Found a transporter.
  6095 | Temple   | Found a transporter.
  6095 | Temple   | Found a transporter.
  6095 | Temple   | Found a transporter.
  6095 | Temple   | Entered the Ecumenical Temple
  6253 | D:6      | Noticed a troll
  6448 | D:6      | Found a burning altar of Makhleb.
  6451 | D:6      | Found a sparkling altar of Nemelex Xobeh.
  6533 | D:7      | Found a hide-covered altar of Uskayaw.
  6548 | D:7      | You fall into a shaft and drop 3 floors!
  6548 | D:10     | Entered Level 10 of the Dungeon
  6564 | D:10     | Found Pen Lolo's Armour Boutique.
  6623 | D:9      | Reached skill level 9 in Long Blades
  6623 | D:9      | Reached XP level 10. HP: 77/77 MP: 12/12
  6654 | D:8      | HP: 3/77 [orc/+2 trident of venom (7)]
  6655 | D:8      | Succumbed to an orc's poison

Illustrated notes

Levels and vault maps discovered:
D:1:      sevenhm_arrival_forest_fort_small_6, layout_basic,
          roderic_roman_lattice
D:2:      layout_basic, serial_shops, nicolae_book_shop_shelving, fountainhead,
          minivault_19, uniq_terence
D:3:      layout_loops_ring, nicolae_kikubaaqudgha_miasma_corner,
          nicolae_tso_swordbearing_angel, nicolae_ecumenical_lake_church
D:4:      layout_basic, gup_sewer_entry_glass, serial_shops, shop, uniq_ijyb,
          uniq_sigmund
D:5:      minmay_polygon_palace, layout_rooms, nicolae_overflow_hidden_temple,
          mainiacjoe_overflow_alcove_4, uniq_blork_the_orc, uniq_pikel,
          uniq_menkaure
D:6:      layout_gridville, jmf_multi_god_temple2,
          minmay_temple_entry_offerings, serial_demonic, serial_demonic_e,
          serial_demonic_d, serial_demonic_b, serial_demonic_d,
          kennysheep_cross_room, lightli_corner_chamber
D:7:      layout_loops_ring, mainiacjoe_overflow_paths,
          okawaru_ov_weapons_minmay, uniq_joseph
D:8:      layout_basic, mainiacjoe_overflow_small_starburst,
          gammafunk_temple_overflow_statue, lair_entry_dummy,
          chequers_serial_rivers_marsh, hangedman_decor_clover_reticule,
          uniq_erica
D:9:      layout_stronghold, mainiacjoe_overflow_tiny_flanked, serial_shops,
          shop, nicolae_stop_n_shop_1, nicolae_diamond_shop
D:10:     layout_small_grid, mainiacjoe_overflow_surrounded_room, orc_david_3,
          minivault_1, kennysheep_small_spiral, kb_lookout_dungeons_type,
          uniq_harold
Temple:   hellmonk_temple_divided_pantheon

Skill      XL: |  1  2  3  4  5  6  7  8  9 10 |
---------------+-------------------------------+-----
Armour         | 1 2 4 5 |  5.8
Dodging        | 2 3 4 5 6 |  6.0
Long Blades    | 3 4 6 7 9 |  9.2
Fighting       | 3 4 5 6 |  6.6
Throwing       | |  0.8
Spellcasting   | |  1.7
Translocations | |  3.0

Action                     |  1- 3 |  4- 6 |  7- 9 | 10-12 || total
---------------------------+-------+-------+-------+-------++-------
  Melee: Falchion          |    67 |   166 |   253 |    17 ||   503
         Short sword       |    57 |   155 |    69 |       ||   281
         Long sword        |       |       |   193 |    17 ||   210
  Evoke: Wand              |       |       |    15 |     3 ||    18
    Use: Scroll            |       |       |     1 |       ||     1
         Potion            |       |       |       |     1 ||     1
   Stab: Paralysed         |       |       |       |     4 ||     4
 Armour: Ring mail         |    26 |   102 |   277 |    29 ||   434
  Dodge: Dodged            |    43 |    88 |   231 |    34 ||   396
         Repelled          |       |     1 |     2 |       ||     3

Table legend: (Time is in decaauts)
 A = Elapsed time spent in this place.
 B = Non-inter-level travel time spent in this place.
 C = Inter-level travel time spent in this place.
 D = Time resting spent in this place.
 E = Time spent auto-exploring this place.
 F = Levels seen in this place.
 G = Mean time per level.
                   A        B        C        D        E       F      G
               +--------+--------+--------+--------+--------+-----+--------+
         Total |   6686 |   6408 |    278 |    587 |   4690 |  12 |  557.2 |
       Dungeon |   5733 |   5470 |    263 |    417 |   4151 |  10 |  573.3 |
        Temple |     27 |     13 |     14 |      0 |      0 |   1 |   27.0 |
         Sewer |    924 |    924 |      0 |    170 |    539 |   1 |  924.0 |
               +--------+--------+--------+--------+--------+-----+--------+

Top non-repeatable levels by time:
     D:5: 1191 daAuts
     D:3: 1113 daAuts
     D:1: 1015 daAuts
     D:4: 984 daAuts
   Sewer: 924 daAuts
     D:6: 678 daAuts
     D:2: 629 daAuts
     D:9: 58 daAuts
  Temple: 27 daAuts
     D:8: 26 daAuts
    D:10: 18 daAuts
     D:7: 17 daAuts
